 Dungeon Crawl Stone Soup version 0.29.1-2-gbd0b4ee654 (webtiles) character file.

Game seed: 18124434539260104025

112 Firos the Poker (level 4, -5/61 HPs)
             Began as a Hill Orc Monk on Nov 8, 2022.
             Splashed by a jelly's acid (6 damage)
             ... on level 3 of the Dungeon.
             The game lasted 00:02:47 (2221 turns).

Firos the Poker (Hill Orc Monk)                     Turns: 2221, Time: 00:02:48

Health: -5/61      AC: 14    Str: 15    XL:     4   Next: 93%
Magic:  4/4        EV:  2    Int: 16    God:
Gold:   100        SH:  0    Dex: 13    Spells: 3/3 levels left

rFire   . . .      SeeInvis .   a - +0 spear
rCold   . . .      Faith    .   (no shield)
rNeg    . . .      Spirit   .   (body armour currently unavailable)
rPois   +          Reflect  .   (helmet currently unavailable)
rElec   .          Harm     .   (cloak currently unavailable)
rCorr   .          Rampage  .   (gloves currently unavailable)
Will    .....      NoTele   +   (boots currently unavailable)
Stlth   ++........              (no amulet)
HPRegen 0.20/turn               d - ring of wizardry
MPRegen 0.09/turn               j - +6 ring of intelligence

@: tree-form, corroded
A: stationary, stasis, torment immunity, boosted hp
a: no special abilities


You were on level 3 of the Dungeon.
You were a tree.
You visited 1 branch of the dungeon, and saw 3 of its levels.

You collected 100 gold pieces.

Inventory:

Hand Weapons
 a - a +0 spear (weapon)
Missiles
 g - 8 poisoned darts (quivered)
Armour
 b - a +0 chain mail (melded)
 f - a +0 helmet (melded)
Jewellery
 d - a ring of wizardry (left branch)
 j - a +6 ring of intelligence (right branch)
 m - a ring of wizardry
 r - a ring of ice
Scrolls
 e - a scroll of poison {unknown}
 k - a scroll of acquirement {unknown}
 l - a scroll of enchant armour {unknown}
 o - a scroll of identify {unknown}
 t - a scroll of amnesia {unknown}
Potions
 c - a potion of ambrosia
 n - a potion of might {unknown}
 p - a potion of haste {unknown}
 s - a potion of attraction {unknown}


   Skills:
 + Level 4.5 Fighting
 * Level 4.8 Polearms
 + Level 2.1 Armour
 - Level 2.4 Dodging
 - Level 1.5 Stealth


You had 3 spell levels left.
You didn't know any spells.
Your spell library contained the following spells:

 Spells                   Type           Power      Damage    Failure   Level
 Apportation              Tloc           0%         N/A       11%         1
 Alistair's Intoxication  Tmut/Pois      0%         N/A       93%         5


Dungeon Overview and Level Annotations

Branches:
Dungeon (3/15)

Altars:


Message History

You feel your willpower return.
A jelly comes into view.
Found a plate armour.
The jelly moves out of view.
A jelly is nearby!
You hit the jelly. The acid corrodes you!
Your hands burn!
The jelly is lightly wounded.
You hit the jelly.
Your hands burn!
The jelly is moderately wounded.
The jelly hits you but does no damage.
You hit the jelly but do no damage.
Your hands burn!
The jelly is moderately wounded.
The jelly hits you but does no damage.
You hit the jelly.
Your hands burn!
The jelly is heavily wounded.
The jelly hits you but does no damage.
You hit the jelly but do no damage. The acid corrodes you!
Your hands burn!
The jelly is heavily wounded.
The jelly hits you.
You are splashed with acid!
* * * LOW HITPOINT WARNING * * *
You are too injured to fight recklessly!
You are too injured to fight recklessly!
The jelly attacks as you move away! The jelly hits you.
* * * LOW HITPOINT WARNING * * *
You are splashed with acid.
* * * LOW HITPOINT WARNING * * *
It was a potion of curing.
You feel better. The jelly hits you.
* * * LOW HITPOINT WARNING * * *
You are splashed with acid!
* * * LOW HITPOINT WARNING * * *
It was a potion of lignification.
You turn into a tree.
Your +0 helmet melds into your body.
Your +0 chain mail melds into your body.
Your roots penetrate the ground.
The jelly hits you but does no damage.
You hit the jelly.
Your branches burn!
* * * LOW HITPOINT WARNING * * *
The jelly is severely wounded.
The jelly hits you.
* * * LOW HITPOINT WARNING * * *
You are splashed with acid.
You die...

#.######.....#.#
##...............
.........##.#.#.#
.#####..## .#.# #
##.## .# ..# .#
#...# ## .###
##.#.
#......#.####.....
.....
#.######.#.....[.#
..... #.♣J# .....
###..$.# .....
...$## .....
###..# ..... ....
..... #.### ...>.
.# .#.## .# .....


You could see a jelly.

Vanquished Creatures
  Jessica (D:2)
  2 adders
  4 worms (D:2)
  3 dart slugs
  3 ball pythons
  5 bats
  An endoplasm (D:1)
  4 giant cockroaches (D:1)
  5 goblins
  4 hobgoblins
  4 jackals (D:1)
  4 kobolds
  A quokka (D:2)
  3 frilled lizards
  4 rats
48 creatures vanquished.

Notes
Turn   | Place    | Note
-------+----------+-------------------------------------------
     0 | D:1      | Firos the Hill Orc Monk began the quest for the Orb.
     0 | D:1      | Reached XP level 1. HP: 19/19 MP: 1/1
   226 | D:1      | Reached XP level 2. HP: 27/27 MP: 2/2
   515 | D:1      | Found a faded altar of an unknown god.
   543 | D:1      | Reached skill level 1 in Armour
   803 | D:1      | Reached XP level 3. HP: 31/33 MP: 3/3
  1022 | D:2      | Noticed Jessica
  1035 | D:2      | Killed Jessica
  1200 | D:2      | Reached XP level 4. HP: 36/40 MP: 4/4
  2218 | D:3      | HP: 1/41 [acid (5)]
  2221 | D:3      | Splashed by a jelly's acid

Illustrated notes

Levels and vault maps discovered:
D:1:      nzn_arrival_depleted_hourglass, layout_basic,
          nicolae_ecumenical_lake_church, nicolae_figureground_pulse
D:2:      layout_basic, uniq_jessica
D:3:      layout_rooms, serial_shops, nicolae_lakefront_shop, uniq_terence

Skill      XL: |  1  2  3  4 |
---------------+-------------+-----
Armour         | 1 2 |  2.1
Fighting       | 4 |  4.5
Polearms       | 4 |  4.8
Dodging        | |  2.4
Stealth        | |  1.5

Action                   |  1- 3 |  4- 6 || total
-------------------------+-------+-------++-------
Melee: Spear             |    98 |   129 ||   227
       Punch             |     1 |     1 ||     2
  Use: Potion            |       |     2 ||     2
       Scroll            |       |     1 ||     1
Armor: Chain mail        |    43 |    43 ||    86
       Ring mail         |     3 |       ||     3
       Robe              |     1 |       ||     1
       Skin              |       |     1 ||     1
Dodge: Dodged            |    36 |    14 ||    50
